 Dungeon Crawl Stone Soup version 0.26.1-2-gb8aa6d0cf2 (webtiles) character file.

Game seed: 5681030374712885615

410502 phalm the Peltast (level 23, -2/151 HPs)
             Began as a Gargoyle Fighter on Mar 4, 2021.
             Was the Champion of Elyvilon.
             Killed from afar by a deep elf high priest (31 damage)
             ... with damnation
             ... on level 3 of the Elven Halls.
             The game lasted 02:36:20 (47402 turns).

phalm the Peltast (Gargoyle Fighter)               Turns: 47402, Time: 02:36:22

Health: -2/151     AC: 52    Str: 29    XL:     23   Next: 49%
Magic:  34/34      EV: 28    Int: 18    God:    Elyvilon [******]
Gold:   3970       SH: 24    Dex: 15    Spells: 27/35 levels left

rFire    + . .     SeeInvis .   l - +6 eveningstar "Uwioppos" {speed, *Slow Will+ Int+8}
rCold    + . .     Faith    .   c - +0 tower shield
rNeg     + . .     Spirit   .   k - +9 plate armour of the Devil {+Blink rPois Regen+ rCorr}
rPois    ∞         Reflect  .   V - +2 helmet "Kujagg" {rElec Dex+6}
rElec    +         Harm     .   T - scarf {rC+ rF+}
rCorr    +         Rampage  +   S - +0 pair of gloves
Will     +++..                  Y - +0 pair of boots {rampage}
Stlth    ..........             J - amulet of Spring {Acrobat +Inv Slay+3}
HPRegen  0.75/turn              L - ring "Vucyfel" {rPois Slay+4}
MPRegen  0.24/turn              x - ring of willpower

@: acrobat, flying
A: big wings, negative energy resistance 1, electricity resistance, unbreathing,
petrification resistance, miasma immunity, AC +17
}: 2/15 runes: decaying, serpentine
a: Stop Flying, Renounce Religion, Evoke Blink, Evoke Invisibility, Lesser
Healing, Heal Other, Purification, Greater Healing, Divine Vigour, Divine
Protection


You were on level 3 of the Elven Halls.
You worshipped Elyvilon.
Elyvilon was exalted by your worship.
You visited 9 branches of the dungeon, and saw 40 of its levels.
You visited the Abyss 1 time.
You also visited: Ossuary, Bailey and Ice Cave.

You collected 5284 gold pieces.
You spent 1314 gold pieces at shops.

Inventory:

Hand Weapons
 l - the +6 eveningstar "Uwioppos" (weapon) {speed, *Slow Will+ Int+8}
   (You acquired it in an ossuary)

   Attacks with this weapon are significantly faster.
   It affects your intelligence (+8).
   It affects your willpower, your defense against some magical effects.
   It may slow you when you take damage.
Armour
 c - a +0 tower shield (worn)
 k - the +9 plate armour of the Devil (worn) {+Blink rPois Regen+ rCorr}
   (You bought it in a shop on level 2 of the Orcish Mines)

   It protects you from poison.
   It lets you blink.
   It increases your rate of regeneration.
   It provides partial protection from all sources of acid and corrosion.
 S - a +0 pair of gloves (worn)
 T - a scarf of resistance (worn)
 V - the +2 helmet "Kujagg" (worn) {rElec Dex+6}
   (You bought it in a shop on level 3 of the Snake Pit)

   It affects your dexterity (+6).
   It insulates you from electricity.
 Y - a +0 pair of boots of rampaging (worn)
Jewellery
 s - an uncursed ring of see invisible
 x - a ring of willpower (right hand)
 J - the amulet of Spring (around neck) {Acrobat +Inv Slay+3}
   (You acquired it on level 1 of the Vaults)

   [amulet of the acrobat]

   It helps you evade while moving and waiting.
   It affects your accuracy and damage with ranged weapons and melee attacks
   (+3).
   It lets you turn invisible.
 L - the ring "Vucyfel" (left hand) {rPois Slay+4}
   (You found it on level 3 of the Vaults)

   [ring of slaying]

   It affects your accuracy and damage with ranged weapons and melee attacks
   (+4).
   It protects you from poison.
 Q - a +4 ring of protection
Wands
 e - a wand of paralysis (6)
 m - a wand of flame (13)
 B - a wand of disintegration (15)
 C - a wand of polymorph (12)
 E - a wand of iceblast (45)
 G - a wand of enslavement (18)
 I - a wand of acid (25)
 N - a wand of digging (16)
Scrolls
 a - 8 scrolls of magic mapping
 b - 4 scrolls of identify
 i - 20 scrolls of teleportation
 o - a scroll of enchant weapon
 r - 8 scrolls of fog
 t - a scroll of silence
 D - 5 scrolls of blinking
 F - 15 scrolls of remove curse
 M - 7 scrolls of fear
 P - 5 scrolls of immolation
 U - 2 scrolls of summoning
Potions
 d - 8 potions of might
 f - 4 potions of resistance
 g - 16 potions of curing
 h - 8 potions of haste
 j - 13 potions of lignification
 n - 9 potions of attraction
 p - 5 potions of invisibility
 q - 11 potions of heal wounds
 w - 5 potions of cancellation
 z - 3 potions of magic
 H - 4 potions of berserk rage
 R - 7 potions of ambrosia
 X - 4 potions of brilliance
Miscellaneous
 u - a tin of tremorstones (2/2)
 K - a phial of floods
 Z - a phantom mirror


   Skills:
 * Level 17.7 Fighting
 - Level 16.0 Maces & Flails
 * Level 17.7 Armour
 + Level 9.2 Dodging
 * Level 20.1 Shields
 + Level 6.5 Spellcasting
 + Level 5.8 Translocations
 - Level 9.0 Transmutations
 + Level 2.2 Air Magic
 + Level 14.8 Invocations
 - Level 9.0 Evocations


You had 27 spell levels left.
You knew the following spells:

 Your Spells              Type           Power        Failure   Level
a - Wereblood             Tmut           38%          4%          2
b - Beastly Appendage     Tmut           76%          2%          1
c - Blink                 Tloc           N/A          14%         2
d - Apportation           Tloc           52%          10%         1
e - Swiftness             Air            13%          54%         2

Your spell library contained the following spells:

 Spells                   Type           Power        Failure   Level
 Gell's Gravitas          Tloc           13%          28%         3
 Spider Form              Tmut/Pois      11%          45%         3
 Shock                    Conj/Air       36%          54%         1
 Blade Hands              Tmut           19%          58%         5
 Ignite Poison            Fire/Tmut/Pois 16%          67%         3
 Portal Projectile        Hex/Tloc       32%          67%         3
 Corpse Rot               Necr/Air       N/A          69%         2
 Animate Skeleton         Necr           10%          71%         1
 Corona                   Hex            5%           71%         1
 Foxfire                  Conj/Fire      20%          71%         1
 Freeze                   Ice            20%          71%         1
 Magic Dart               Conj           20%          71%         1
 Pain                     Necr           20%          71%         1
 Summon Small Mammal      Summ           20%          71%         1
 Call Imp                 Summ           5%           85%         2
 Ensorcelled Hibernation  Hex/Ice        10%          85%         2
 Slow                     Hex            5%           85%         2
 Ice Form                 Ice/Tmut       22%          86%         4
 Petrify                  Tmut/Erth      22%          86%         4
 Static Discharge         Conj/Air       9%           89%         3
 Mephitic Cloud           Conj/Pois/Air  8%           93%         3
 Confusing Touch          Hex            5%           97%         3
 Conjure Flame            Conj/Fire      5%           97%         3
 Dazzling Flash           Conj/Hex       10%          97%         3
 Frozen Ramparts          Ice            10%          97%         3
 Inner Flame              Hex/Fire       5%           97%         3
 Ozocubu's Armour         Ice            5%           97%         3
 Tukima's Dance           Hex            5%           97%         3
 Vampiric Draining        Necr           2%           97%         3
 Airstrike                Air            6%           99%         4
 Alistair's Intoxication  Tmut/Pois      14%          99%         5
 Irradiate                Conj/Tmut      11%          99%         5
 Yara's Violent Unravell  Hex/Tmut       11%          99%         5
 Animate Dead             Necr           2%           100%        4
 Cause Fear               Hex            2%           100%        4
 Dispel Undead            Necr           5%           100%        4
 Hailstorm                Conj/Ice       5%           100%        4
 Leda's Liquefaction      Hex/Erth       2%           100%        4
 Sticky Flame             Conj/Fire      5%           100%        4
 Summon Ice Beast         Ice/Summ       5%           100%        4
 Agony                    Necr           5%           100%        5
 Bolt of Magma            Conj/Fire/Erth 2%           100%        5
 Borgnjor's Vile Clutch   Necr/Erth      2%           100%        5
 Fireball                 Conj/Fire      2%           100%        5
 Iskenderun's Battlesphe  Conj           5%           100%        5
 Lightning Bolt           Conj/Air       4%           100%        5
 Metabolic Englaciation   Hex/Ice        2%           100%        5
 Death Channel            Necr           2%           100%        6
 Eringya's Noxious Bog    Tmut/Pois      11%          100%        6
 Freezing Cloud           Conj/Ice/Air   4%           100%        6
 Iron Shot                Conj/Erth      2%           100%        6
 Ozocubu's Refrigeration  Ice            2%           100%        6
 Simulacrum               Ice/Necr       2%           100%        6
 Malign Gateway           Summ/Tloc      8%           100%        7
 Monstrous Menagerie      Summ           2%           100%        7
 Orb of Destruction       Conj           2%           100%        7
 Spellforged Servitor     Conj/Summ      2%           100%        7
 Summon Greater Demon     Summ           2%           100%        7
 Summon Horrible Things   Summ           2%           100%        8
 Sublimation of Blood     Necr           Unusable     N/A         2

Dungeon Overview and Level Annotations

Branches:
Dungeon (15/15)            Temple (1/1) D:5            Lair (6/6) D:10
  Swamp (4/4) Lair:3        Snake (4/4) Lair:4        Slime (0/5) Lair:5
    Orc (2/2) D:9             Elf (3/3) Orc:2        Vaults (4/5) D:13
  Crypt (0/3) Vaults:2     Depths (1/5) D:15        Ossuary (visited)
 Bailey (visited)           IceCv (visited)

Altars:
Ashenzari
Cheibriados
Dithmenos
Elyvilon
Fedhas
Gozag
Hepliaklqana
Kikubaaqudgha
Makhleb
Nemelex Xobeh
Okawaru
Qazlal
Ru
Sif Muna
Trog
Uskayaw
Vehumet
Wu Jian
Xom
Yredelemnul
Zin
The Shining One
Beogh

Shops:
D:13 =   Orc:2 [!=?   Elf:1 **=*?   Elf:2 *:!(   Snake:3 ([![   Vaults:2 (

Portals:
Hell: Lair:6
Abyss: Depths:1


Innate Abilities, Weirdness & Mutations

You are resistant to torment.
Your stone body is resilient. (AC +17)
You are immune to poison.
Your large and strong wings let you fly indefinitely.
You resist negative energy. (rN+)
You are resistant to electric shocks. (rElec)
You can survive without breathing.
You are immune to petrification.
You are immune to miasma.


Message History

The deep elf annihilator casts a spell.
The deep elf annihilator blinks!
The deep elf high priest unwields a +0 scimitar.
The deep elf high priest wields a +0 shortbow.
The deep elf high priest shoots an arrow.
The arrow hits you.
* * * LOW HITPOINT WARNING * * *
The deep elf mage casts a spell.
You block the ufetubus's attack. The ufetubus closely misses you.
The jumping spider leaps!
The ufetubus closely misses you.
You block the ufetubus's attack. x2; The ufetubus misses you.
The deep elf high priest prays to its god.
The deep elf high priest begins emitting a brilliant aura!
You block the ufetubus's attack. x2; The ufetubus closely misses you.
The ufetubus completely misses you.
The jumping spider leaps!
The deep elf annihilator gestures wildly while chanting.
The deep elf annihilator blinks!
The deep elf high priest calls down the wrath of its god upon you.
The sphere of damnation explodes!
The damnation engulfs you!!
You die...

#.# ##.## #.# ##.##
###+## ##.## .....###.##
...<..#'## #### .).....##
#..### (.......# #....###
)[......######).....###
..8.....#...##.[@○....###
........')s()).555.⌠....#
.........#.)##)533....##
.......###.###e5rre.###
......## ### #§))o..#
.....## #..Ese## ######
####).e### ##e.e.r
#.....#


You could see a deep elf master archer, a deep elf annihilator (empowered), a
demonic crawler (summoned), a sun demon (summoned), a deep elf demonologist
(empowered), 2 deep elf high priests, an earth elemental, a deep elf mage
(empowered), a ynoxinul (summoned), a jumping spider (summoned), an orc warrior,
2 hell rats and 5 ufetubi.

Vanquished Creatures
  Bai Suzhen (Vaults:2)
  the Lernaean hydra (Swamp:4)
  Saint Roka (D:15)
  Vashnia (Snake:2)
  Nikola (Snake:3)
  A bone dragon (Vaults:2)
  Rupert (D:13)
  A tentacled monstrosity (Vaults:3)
  A deep elf master archer (Elf:3)
  2 deep elf blademasters (Elf:3)
  A sphinx (shapeshifter) (Vaults:3)
  2 sphinxes (Vaults:3)
  Kirke (D:13)
  A storm dragon (Vaults:3)
  4 tengu reavers
  10 nagarajas
  Donald (Elf:1)
  A fire giant (Vaults:3)
  9 deep elf sorcerers
  A frost giant (IceCv)
  An orc warlord (Orc:2)
  12 vault wardens
  An emperor scorpion (D:15)
  2 deep elf elementalists (Elf:3)
  9 ironheart preservers
  A war gargoyle (Vaults:3)
  A stone giant (shapeshifter) (Vaults:3)
  A very ugly thing (Vaults:2)
  3 entropy weavers
  A deep elf demonologist (Elf:2)
  8 stone giants
  A yellow draconian (Vaults:3)
  3 bunyips
  6 deep elf annihilators
  A dire elephant (D:15)
  Azrael (Snake:3)
  A spark wasp (shapeshifter) (Vaults:3)
  A crystal guardian (Vaults:4)
  3 deep elf death magi
  6 eleionomae
  An ettin (Vaults:3)
  The ghost of dduke the Severer, a journeyman HOMo of Makhleb (D:12)
  A deep elf high priest (Elf:3)
  A fire dragon (Vaults:2)
  3 shambling mangroves
  Josephine (D:13)
  A hell beast (Lair:6)
  A yaktaur captain (Vaults:2)
  Fannar (Lair:3)
  Erolcha (D:11)
  16 naga warriors
  A rakshasa (Vaults:3)
  11 vault guards
  9 centaur warriors
  3 great orbs of eyes
  7 boulder beetles
  2 ice dragons
  A ghost crab (Swamp:3)
  22 hydras
  9 ogre magi
  15 anacondas
  28 two-headed ogres
  7 alligators (Swamp:4)
  A catoblepas (Lair:6)
  2 tengu warriors (Depths:1)
  2 deep troll shamans (Depths:1)
  22 dancing weapons
  8 death yaks
  2 orc high priests (Elf:3)
  14 naga sharpshooters
  3 deep troll earth magi
  9 shock serpents
  15 deep elf knights
  An iron troll (shapeshifter) (Vaults:1)
  A salamander mystic (Snake:3)
  A shadow wraith (Vaults:4)
  2 flayed ghosts
  3 iron trolls
  5 goliath frogs
  2 unseen horrors (shapeshifter)
  14 sea snakes
  2 glowing orange brains
  3 spriggan druids
  7 bog bodies
  11 deep trolls
  3 phantasmal warriors (Vaults:3)
  9 naga ritualists
  3 wizards
  14 deep elf archers
  10 ironbrand convokers
  23 orc knights
  14 swamp dragons
  A mana viper (shapeshifter) (Vaults:1)
  10 necromancers
  A frost giant zombie (Depths:1)
  2 wolf spiders (Vaults:3)
  A wolf spider zombie (D:10)
  55 deep elf magi
  15 mana vipers
  14 salamanders
  5 orc sorcerers
  31 ugly things
  6 will-o-the-wisps
  2 oklob plants (Snake:1)
  7 cyclopes
  A wolf spider (shapeshifter) (Elf:1)
  2 stone giant zombies
  A manticore (Lair:4)
  19 elephants
  A moth of wrath (shapeshifter) (Vaults:4)
  Maurice (D:8)
  50 black mambas
  Psyche (D:11)
  9 vault sentinels
  A black mamba (shapeshifter) (Vaults:1)
  14 guardian serpents
  A water nymph (shapeshifter) (Vaults:1)
  17 naga magi
  2 orange demons (Lair:6)
  A cane toad (shapeshifter) (Vaults:4)
  Maggie (D:7)
  23 cane toads
  A smoke demon (Lair:6)
  A torpor snail (shapeshifter) (Vaults:4)
  A gargoyle (D:13)
  A kobold demonologist (D:11)
  14 yaktaurs
  A human zombie (Vaults:1)
  9 freezing wraiths
  11 komodo dragons
  11 rime drakes
  2 efreet
  A komodo dragon (shapeshifter) (Vaults:3)
  An ancient zyme (D:9)
  A wandering mushroom (Lair:5)
  2 red devils (Lair:6)
  4 ice devils
  15 trolls
  A tengu conjurer (D:15)
  17 hornets
  A queen bee (D:15)
  A troll (shapeshifter) (Vaults:4)
  A harpy zombie (D:15)
  6 meliai
  A meliai (shapeshifter) (Vaults:2)
  A jumping spider (Vaults:4)
  A bloated husk (Swamp:4)
  7 tyrant leeches
  15 polar bears (IceCv)
  A blink frog (shapeshifter) (Vaults:4)
  10 blink frogs
  4 slime creatures (D:15)
  3 air elementals (Elf:1)
  4 redbacks (Vaults:4)
  A spriggan (shapeshifter) (Vaults:4)
  2 water elementals
  18 spriggans
  A fire dragon skeleton (Depths:1)
  9 wraiths
  Sigmund (D:6)
  65 yaks
  3 large abominations (Elf:1)
  14 wyverns
  18 humans
  8 basilisks
  5 fire elementals
  3 hogs (D:13)
  A shadow (D:12)
  A human (shapeshifter) (Vaults:2)
  8 vampire mosquitoes
  A steam dragon (D:8)
  14 two-headed ogre zombies
  11 wargs
  67 nagas
  18 swamp worms
  6 hell hounds
  3 soldier ants
  An acid dragon (Vaults:2)
  24 water moccasins
  Duvessa (D:7)
  2 hornet zombies (Swamp:3)
  2 black bears
  10 swamp drakes
  A swamp dragon zombie (Swamp:3)
  68 orc warriors
  5 sky beasts
  8 phantoms
  8 ice beasts
  33 wolves
  4 eyes of draining
  29 ogres
  7 boggarts
  9 centaurs
  8 big kobolds
  A komodo dragon zombie (Swamp:3)
  An earth elemental (Elf:2)
  3 elf zombies (Elf:1)
  A gnoll sergeant (D:12)
  A wyvern zombie (D:12)
  A human skeleton (Vaults:1)
  23 bullfrogs
  A water moccasin zombie (Swamp:3)
  A yaktaur skeleton (Vaults:1)
  Dowan (D:7)
  7 scorpions
  14 wights
  A ballistomycete (Lair:5)
  18 killer bees
  4 electric eels
  6 howler monkeys
  A crimson imp (D:9)
  4 centaur zombies
  5 jellies
  A quasit (D:10)
  A yaktaur simulacrum (Vaults:1)
  4 bullfrog zombies
  13 orc priests
  12 hounds
  4 centaur skeletons
  6 hell rats
  3 iguanas
  23 orc wizards
  18 worker ants
  2 hound skeletons
  8 mummies (Ossuary)
  6 gnolls
  15 adders
  11 river rats
  2 shadow imps
  6 white imps
  An ufetubus (D:6)
  An ooze (D:1)
  2 adder zombies
  3 worms
  2 dart slugs
  7 leopard geckos
  117 orcs
  7 ball pythons
  12 bats
  A bat zombie (D:2)
  2 giant cockroaches
  8 goblins
  4 hobgoblins
  4 jackals (D:2)
  49 kobolds
  3 quokkas (D:10)
  A ball python zombie (D:5)
  7 frilled lizards
  A gnoll zombie (Ossuary)
  A goblin skeleton (D:9)
  3 goblin zombies (D:9)
  7 hobgoblin zombies
  2 kobold zombies (Ossuary)
  An orc skeleton (D:9)
  3 orc zombies
  3 quokka skeletons
  2 quokka zombies
  9 rats
  2 rat zombies (D:2)
1891 creatures vanquished.

Vanquished Creatures (others)
  A naga warrior (Snake:4)
  2 swamp dragons
  A goliath frog (Swamp:3)
  A black mamba (Snake:2)
  2 bloated husks (Swamp:2)
  A blink frog (Lair:6)
  2 humans (D:13)
  A hog (D:13)
  A wolf (IceCv)
  An orc wizard (D:7)
  25 foxfires
  28 fungi
  84 plants
150 creatures vanquished.

Grand Total: 2041 creatures vanquished

Notes
Turn   | Place    | Note
-------+----------+-------------------------------------------
     0 | D:1      | phalm the Gargoyle Fighter began the quest for the Orb.
     0 | D:1      | Reached XP level 1. HP: 14/14 MP: 1/1
   322 | D:1      | Reached XP level 2. HP: 14/19 MP: 2/2
   546 | D:1      | Reached XP level 3. HP: 5/23 MP: 3/3
  1371 | D:2      | Found a sacrificial altar of Ru.
  1479 | D:2      | Reached skill level 4 in Shields
  1557 | D:2      | Reached XP level 4. HP: 28/28 MP: 4/4
  1843 | D:2      | Found a stormy altar of Qazlal.
  1846 | D:2      | Found a blossoming altar of Fedhas.
  2168 | D:2      | Found a burning altar of Makhleb.
  2277 | D:2      | Found an ancient bone altar of Kikubaaqudgha.
  2379 | D:3      | Found a hide-covered altar of Uskayaw.
  3188 | D:4      | Reached XP level 5. HP: 33/33 MP: 5/5
  3256 | D:4      | Found a sand-covered staircase.
  3264 | Ossuary  | Entered an ossuary
  3476 | Ossuary  | Reached XP level 6. HP: 34/38 MP: 6/6
  3517 | Ossuary  | Reached skill level 5 in Shields
  3625 | Ossuary  | Identified a scroll of acquirement
  3627 | Ossuary  | Acquired the +6 eveningstar "Uwioppos" {speed, *Slow Will+
                  | Int+8}
  4080 | D:4      | Reached XP level 7. HP: 44/44 MP: 7/7
  4527 | D:5      | Entered Level 5 of the Dungeon
  4604 | D:5      | Reached skill level 5 in Maces & Flails
  4605 | D:5      | Reached skill level 6 in Shields
  4631 | D:5      | Found a sparkling altar of Nemelex Xobeh.
  4744 | D:5      | Found a staircase to the Ecumenical Temple.
  4769 | Temple   | Entered the Ecumenical Temple
  4953 | D:5      | Reached skill level 5 in Armour
  5072 | D:5      | Reached skill level 5 in Fighting
  5072 | D:5      | Reached XP level 8. HP: 49/49 MP: 8/8
  5290 | Temple   | Became a worshipper of Elyvilon the Healer
  5543 | D:5      | Reached skill level 1 in Invocations
  5550 | D:5      | Reached skill level 7 in Shields
  6275 | D:6      | Noticed a wyvern
  6281 | D:6      | Killed a wyvern
  6377 | D:6      | Reached XP level 9. HP: 35/55 MP: 10/10
  6657 | D:6      | Reached skill level 8 in Shields
  6729 | D:6      | Noticed Sigmund
  6766 | D:6      | Killed Sigmund
  6864 | D:6      | Reached * piety under Elyvilon
  7418 | D:7      | Found a blossoming altar of Fedhas.
  7471 | D:7      | Found an iron altar of Okawaru.
  7554 | D:7      | Reached ** piety under Elyvilon
  7683 | D:7      | Noticed Dowan
  7685 | D:7      | Noticed Duvessa
  7692 | D:7      | Killed Dowan
  7695 | D:7      | Noticed Maggie
  7698 | D:7      | Killed Duvessa
  7699 | D:7      | Reached skill level 9 in Shields
  7699 | D:7      | Reached XP level 10. HP: 30/61 MP: 12/12
  7723 | D:7      | Killed Maggie
  8060 | D:7      | Found an ornate altar of the Wu Jian Council.
  8216 | D:8      | Noticed Maurice
  8233 | D:8      | Killed Maurice
  8442 | D:8      | Reached *** piety under Elyvilon
  8530 | D:8      | Noticed a two-headed ogre
  8540 | D:8      | Killed a two-headed ogre
  8541 | D:8      | Reached skill level 10 in Shields
  8541 | D:8      | Reached skill level 5 in Invocations
  8940 | D:8      | Noticed a two-headed ogre
  8950 | D:8      | Killed a two-headed ogre
  8951 | D:8      | Reached XP level 11. HP: 68/68 MP: 13/15
  9022 | D:9      | Found a glowing golden altar of the Shining One.
  9090 | D:9      | Cast into level 1 of the Abyss (orc warrior)
  9109 | Abyss:1  | Found a corrupted altar of Lugonu.
  9113 | Abyss:1  | Noticed a wretched star
  9143 | Abyss:2  | Got a masterwork ring mail
  9203 | D:9      | Escaped the Abyss
  9272 | D:9      | Identified the +1 ring mail of Purpose {*Drain rElec Dex+4
                  | Stlth+} (You found it on level 2 of the Abyss)
  9577 | D:9      | Reached **** piety under Elyvilon
  9879 | D:9      | Found a staircase to the Orcish Mines.
  9920 | D:10     | Entered Level 10 of the Dungeon
 10112 | D:10     | Reached skill level 11 in Shields
 10201 | D:10     | Reached skill level 10 in Maces & Flails
 10276 | D:10     | Found a staircase to the Lair.
 10313 | D:10     | Noticed a red ugly thing
 10318 | D:10     | Killed a red ugly thing
 10491 | D:10     | Noticed a two-headed ogre
 10499 | D:10     | Killed a two-headed ogre
 10743 | D:11     | Noticed Erolcha
 10750 | D:11     | Killed Erolcha
 10751 | D:11     | Reached XP level 12. HP: 68/75 MP: 15/17
 10832 | D:11     | Noticed a boulder beetle
 10847 | D:11     | Killed a boulder beetle
 11016 | D:11     | Got a creamy pearl robe
 11027 | D:11     | Identified the cursed +0 robe "Oseos" {Str+4 Stlth+} (You
                  | found it on level 11 of the Dungeon)
 11060 | D:11     | Noticed Psyche
 11069 | D:11     | Killed Psyche
 11203 | D:11     | Reached skill level 12 in Shields
 11217 | D:11     | Found a broken altar of Ashenzari.
 11295 | D:11     | Acquired a +2 helmet of intelligence
 11672 | D:12     | Got a warped war axe
 11673 | D:12     | Identified the cursed +2 war axe "Axam" {venom, rPois rF+
                  | Dex+4} (You found it on level 12 of the Dungeon)
 11783 | D:12     | Found a runed translucent door.
 11783 | D:12     | Found a shimmering altar of Xom.
 11783 | D:12     | Noticed dduke's ghost (journeyman HOMo)
 12118 | D:12     | Reached skill level 1 in Transmutations
 12247 | D:12     | Reached ***** piety under Elyvilon
 12582 | D:12     | Killed dduke's ghost
 12878 | Lair:1   | Entered Level 1 of the Lair of Beasts
 12925 | Lair:1   | Reached XP level 13. HP: 80/80 MP: 18/18
 13184 | Lair:1   | Reached skill level 1 in Evocations
 13930 | Lair:1   | Reached skill level 13 in Shields
 14540 | Lair:2   | Reached ****** piety under Elyvilon
 14552 | Lair:2   | Reached skill level 10 in Armour
 15347 | Lair:3   | Reached skill level 10 in Fighting
 15853 | Lair:3   | Gained mutation: Your large and strong wings let you fly
                  | indefinitely. [Gargoyle growth]
 15853 | Lair:3   | Reached XP level 14. HP: 61/88 MP: 20/20
 16120 | Lair:3   | Noticed Fannar
 16139 | Lair:3   | Killed Fannar
 16490 | Lair:3   | Got a scorched whip
 16491 | Lair:3   | Identified the +7 whip of Tension {freeze, +Blink rElec
                  | Will++ Int+3} (You found it on level 3 of the Lair of
                  | Beasts)
 16541 | Lair:3   | Found a staircase to the Swamp.
 16829 | Lair:4   | Reached skill level 14 in Shields
 17664 | Lair:4   | Found a staircase to the Snake Pit.
 19307 | Lair:5   | Found a staircase to the Slime Pits.
 20092 | Lair:6   | Entered Level 6 of the Lair of Beasts
 20100 | Lair:6   | Reached XP level 15. HP: 93/93 MP: 22/22
 20163 | Lair:6   | Learned a level 2 spell: Wereblood
 20612 | Lair:6   | Learned a level 1 spell: Beastly Appendage
 21135 | Lair:6   | Reached skill level 5 in Transmutations
 21136 | Lair:6   | Found a burning altar of Makhleb.
 21152 | Lair:6   | Reached skill level 5 in Evocations
 21203 | Lair:6   | Reached skill level 10 in Invocations
 21388 | Lair:6   | Found a gateway to Hell.
 21396 | Lair:6   | Got a sparkling steel ring
 21398 | Lair:6   | Identified the ring of Ozuliath {MP+9 Stlth+} (You found it
                  | on level 6 of the Lair of Beasts)
 21895 | Orc:1    | Entered Level 1 of the Orcish Mines
 21976 | Orc:1    | Reached skill level 15 in Shields
 22783 | Orc:2    | Entered Level 2 of the Orcish Mines
 22896 | Orc:2    | Found a frozen archway.
 23039 | IceCv    | Entered an ice cave
 23196 | IceCv    | Reached skill level 1 in Dodging
 23688 | IceCv    | Noticed a frost giant
 23713 | IceCv    | Killed a frost giant
 24342 | Orc:2    | Found Qecuob's Distillery.
 24343 | Orc:2    | Found Raaprots's Antique Armour Boutique.
 24379 | Orc:2    | Reached XP level 16. HP: 71/100 MP: 23/23
 24405 | Orc:2    | Bought a heavily runed plate armour for 672 gold pieces
 24419 | Orc:2    | Identified the +9 plate armour of the Devil {+Blink rPois
                  | Regen+ rCorr} (You bought it in a shop on level 2 of the
                  | Orcish Mines)
 24435 | Orc:2    | Bought a potion of degeneration for 11 gold pieces
 24506 | Orc:2    | Found a roughly hewn altar of Beogh.
 24600 | Orc:2    | Found Foadghi Pergh's Jewellery Boutique.
 24600 | Orc:2    | Found Nobluuh's Magic Scroll Emporium.
 24696 | Orc:2    | Bought an uncursed ring of see invisible for 195 gold
                  | pieces
 24820 | Orc:2    | Found a staircase to the Elven Halls.
 25426 | D:13     | Found a gate to the Vaults.
 25426 | D:13     | Noticed Rupert
 25426 | D:13     | Noticed Josephine
 26150 | D:13     | Noticed Kirke
 26153 | D:13     | Noticed a sphinx
 26177 | D:13     | Killed Kirke
 26299 | D:13     | Paralysed by Rupert for 6 turns
 26316 | D:13     | Killed Rupert
 26384 | D:13     | Killed Josephine
 26417 | D:13     | Found Etithuaw's Jewellery Shop.
 26671 | D:14     | Found a flagged portal.
 26682 | Bailey   | Entered a bailey
 26780 | Bailey   | Found an iron altar of Okawaru.
 27026 | D:14     | Found an opulent altar of Gozag.
 27785 | D:15     | Entered Level 15 of the Dungeon
 27854 | D:15     | Found a shadowy altar of Dithmenos.
 27961 | D:15     | Reached skill level 15 in Maces & Flails
 28026 | D:15     | Reached XP level 17. HP: 104/106 MP: 25/25
 28278 | D:15     | Found a staircase to the Depths.
 28811 | Swamp:1  | Entered Level 1 of the Swamp
 28830 | Swamp:1  | Got a smouldering mace
 28834 | Swamp:1  | Identified the +7 mace "Amaot" {vorpal, Will++ Str-3 Int+3
                  | Dex-2 Stlth+} (You found it on level 1 of the Swamp)
 28950 | Swamp:1  | Learned a level 2 spell: Blink
 29492 | Swamp:2  | Reached skill level 1 in Translocations
 30027 | Swamp:2  | Reached skill level 16 in Shields
 30843 | Swamp:4  | Entered Level 4 of the Swamp
 31458 | Swamp:4  | Noticed the 27-headed Lernaean hydra
 31481 | Swamp:4  | Killed the 27-headed Lernaean hydra
 31482 | Swamp:4  | Reached XP level 18. HP: 63/141 MP: 29/33
 31494 | Swamp:4  | Reached skill level 5 in Dodging
 31673 | Swamp:4  | Got a decaying rune of Zot
 32171 | Snake:1  | Entered Level 1 of the Snake Pit
 32534 | Snake:1  | Got a translucent chain mail
 32548 | Snake:1  | Identified the +3 chain mail of Parts Unknown {rElec Int+2
                  | Dex-5 SInv} (You found it on level 1 of the Snake Pit)
 33443 | Snake:2  | Noticed Vashnia
 33506 | Snake:2  | Killed Vashnia
 33552 | Snake:2  | Reached skill level 17 in Shields
 34077 | Snake:2  | Reached XP level 19. HP: 120/120 MP: 28/28
 34572 | Snake:3  | Noticed Azrael
 34588 | Snake:3  | Killed Azrael
 34700 | Snake:3  | Found Neiprin's Antique Armour Shop.
 34701 | Snake:3  | Found Girozxig's Distillery.
 34709 | Snake:3  | Bought a transparent helmet for 332 gold pieces
 34719 | Snake:3  | Identified the +2 helmet "Kujagg" {rElec Dex+6} (You bought
                  | it in a shop on level 3 of the Snake Pit)
 34781 | Snake:3  | Noticed Nikola
 34810 | Snake:3  | Killed Nikola
 34989 | Snake:3  | Found Soubiod's Weapon Shoppe.
 35021 | Snake:3  | Found Onlai's Armour Emporium.
 35397 | Snake:3  | Reached skill level 5 in Translocations
 35757 | Snake:4  | Entered Level 4 of the Snake Pit
 36602 | Snake:4  | Reached XP level 20. HP: 85/160 MP: 31/37
 37082 | Snake:4  | Reached skill level 1 in Spellcasting
 37120 | Snake:4  | Reached skill level 18 in Shields
 37159 | Snake:4  | Got a serpentine rune of Zot
 37677 | Vaults:1 | Entered Level 1 of the Vaults
 37727 | Vaults:1 | Reached skill level 15 in Armour
 37741 | Vaults:1 | Reached skill level 15 in Fighting
 38296 | Vaults:1 | Identified the cursed +0 robe "Uriwis" {rN+ Will+ Str+4}
 38335 | Vaults:1 | Acquired the amulet of Spring {Acrobat +Inv Slay+3}
 38445 | Depths:1 | Entered Level 1 of the Depths
 38445 | Depths:1 | Noticed Saint Roka
 38480 | D:15     | Killed Saint Roka
 39016 | Depths:1 | Found a one-way gate to the infinite horrors of the Abyss.
 39209 | Vaults:1 | Reached XP level 21. HP: 135/135 MP: 31/31
 40021 | Vaults:2 | Noticed Bai Suzhen
 40051 | Vaults:2 | Killed Bai Suzhen
 40485 | Vaults:2 | Found Deydiem's Weapon Emporium.
 40747 | Vaults:2 | Noticed a bone dragon
 40757 | Vaults:2 | Killed a bone dragon
 40785 | Vaults:2 | Found a staircase to the Crypt.
 41657 | Vaults:3 | Reached skill level 19 in Shields
 41967 | Vaults:3 | Got a vibrating copper ring
 42044 | Vaults:3 | Reached XP level 22. HP: 132/143 MP: 32/32
 42065 | Vaults:3 | Identified the ring "Vucyfel" {rPois Slay+4} (You found it
                  | on level 3 of the Vaults)
 42637 | Vaults:3 | Reached skill level 5 in Spellcasting
 44553 | Elf:1    | Entered Level 1 of the Elven Halls
 44640 | Elf:1    | Found Xixkuy's Assorted Antiques.
 45082 | Elf:1    | Found Cynt's Jewellery Boutique.
 45102 | Elf:1    | Found Fiumy's General Store.
 45113 | Elf:1    | Found Pelixick's Magic Scroll Shop.
 45121 | Elf:1    | Bought a scroll of magic mapping for 52 gold pieces
 45121 | Elf:1    | Bought a scroll of magic mapping for 52 gold pieces
 45202 | Elf:1    | Learned a level 1 spell: Apportation
 45208 | Elf:1    | Noticed Donald
 45214 | Elf:1    | Killed Donald
 45334 | Elf:1    | Identified the Collected Works on Unholy Rituals
 45419 | Elf:1    | Found Noeqeint's Assorted Antiques.
 45666 | Elf:2    | Learned a level 2 spell: Swiftness
 45762 | Elf:2    | Found Rudghag's Antique Weapon Shoppe.
 45764 | Elf:2    | Found Ughuhaes's Assorted Antiques.
 45766 | Elf:2    | Found Ugow's Book Shoppe.
 45770 | Elf:2    | Found Boaq Kia's Distillery.
 46150 | Elf:2    | Found a runed translucent door.
 46204 | Elf:2    | Reached XP level 23. HP: 150/150 MP: 33/33
 46253 | Elf:2    | Found a huge runed translucent gate.
 46253 | Elf:2    | Found a huge runed translucent gate.
 46253 | Elf:2    | Found a huge runed translucent gate.
 46259 | Elf:2    | Found a huge runed translucent gate.
 46259 | Elf:2    | Found a huge runed translucent gate.
 46397 | Elf:2    | Reached skill level 1 in Air Magic
 46884 | Elf:3    | Entered Level 3 of the Elven Halls
 47029 | Elf:3    | Reached skill level 20 in Shields
 47402 | Elf:3    | Killed from afar by a deep elf high priest

Illustrated notes

Levels and vault maps discovered:
D:1:      ncdulo_halloftheorcs, layout_loops_corners, kennysheep_pointless_box
D:2:      layout_loops_ring, grunt_temple_overflow_forces_of_nature,
          nicolae_overflow_hidden_temple, lemuel_zombie_altar_kikubaaqudgha,
          lemuel_crystal_altar
D:3:      layout_loops_ring, eat_drink_and_be_merry_uskayaw, due_unseen_surprise
D:4:      kennysheep_six_static_rooms, layout_basic, nicolae_ossuary_entry_plus
D:5:      layout_layer_cave, nemelex_xobeh_ov_fountains_minmay,
          temple_fountains, serial_co_window_serial, co_window_paths_a,
          co_window_paths_a, co_window_paths_b, co_window_paths_b,
          co_window_paths_b, co_window_corner_a, co_window_paths_a,
          co_window_broadway_a, co_window_broadway_a, co_window_2corner,
          co_window_broadway_a, co_window_paths_c, co_window_corner_b,
          glass_columns_a, glass_columns_b, serial_bayou_lake_a
D:6:      layout_basic, minmay_manual_moon, uniq_sigmund
D:7:      layout_basic, pdpol_wu_jian_five_deadly_venoms, okawaru_humans,
          basic_altar, uniq_maggie, uniq_duvessa
D:8:      layout_loops_cross, hangedman_decor_clover_reticule, uniq_maurice,
          uniq_joseph
D:9:      layout_basic, orc_0_dummy, nicolae_tso_besieged_by_evil
D:10:     layout_rooms, david_lair_generic, minmay_diced_spiral
D:11:     layout_rooms, basic_altar, uniq_psyche, uniq_erolcha
D:12:     layout_loops_ring, ebering_ghost_xom, nrook_guardian_serpent_double
D:13:     kb_forest_paths, layout_long_grid, david_vaults_3, serial_shops, shop,
          uniq_josephine, uniq_kirke
D:14:     layout_loops_ring, enter_bailey_2, serial_rivers,
          chequers_serial_rivers_large_a, chequers_serial_rivers_micro_b,
          chequers_serial_rivers_micro_b, chequers_serial_rivers_marsh,
          chequers_serial_rivers_small_a, chequers_serial_rivers_marsh,
          minmay_misc_feat_more_columns, nicolae_gozag_seed_capital
D:15:     hangedman_depths_entry_try_elsewhere_first, layout_gridville,
          nicolae_dithmenos_the_darkroom, special_room [special_room_bee]
Temple:   cyrus_circular_temple
Lair:1:   layout_small_grid, columned_hall_lemuel, serial_bayou_lagoon_b
Lair:2:   layout_regular_city, beast_lair_carwin_5
Lair:3:   layout_regular_city, skrybe_swamp_entry_bodies, kennysheep_rathole,
          serial_bayou_shore_a, uniq_fannar
Lair:4:   layout_gridlike, minmay_snake_entry_guardpost_small, special_room
          [special_room_mythical_zoo]
Lair:5:   layout_roguey, minmay_slime_entry_oklob_open
Lair:6:   evil_forest, layout_cave_pods
Swamp:1:  layout_basic_swamp, evilmike_swamp_ruin_house_1, st_swamp_ruins_3,
          infiniplex_staircase_pool_2
Swamp:2:  layout_falls_marsh, nicolae_swamp_treefoil, swamp_pool1
Swamp:3:  layout_falls_marsh, evilmike_swamp_ruin_house_3, swamp_pool5,
          nicolae_swamp_necromancer_hut
Swamp:4:  swamp_old_school, layout_basic_swamp, swamp_pool1,
          nicolae_swamp_alligator_family, infiniplex_staircase_pool
Snake:1:  dpeg_oklob_gauntlet, layout_cave_pods, nicolae_snake_springs
Snake:2:  layout_concentric_octagons, hangedman_snake_corridor_cut, uniq_vashnia
Snake:3:  layout_honeycomb, serial_shops, nicolae_shop_waterfront, shop, shop,
          grunt_ministairs_9, grunt_megastairs_1, minmay_shop_star, uniq_azrael,
          uniq_nikola
Snake:4:  grunt_snake_rune_pools, layout_misc_corridors,
          nicolae_coiled_stairwell_up
Orc:1:    lemuel_ogre_cave, layout_caves
Orc:2:    st_orc_town, layout_diamond_mine, portal_ice_cave_demonic_guard
Elf:1:    elf_arrival_001, layout_geoelf_diagonals, serial_shops, shop,
          nicolae_shop_crystal, nicolae_shop_window_shopping, shop_fountains,
          nicolae_shop_statue_plus, minmay_elf_necromancy, uniq_donald
Elf:2:    layout_geoelf_octagon, serial_co_window_serial,
          co_window_of_opportunity_a, co_window_paths_a, co_window_paths_b,
          co_window_of_opportunity_a, co_window_corner_a, co_window_cross_2,
          co_window_broadway_b, minmay_shop_grid_forest, minivault_13
Elf:3:    minmay_elf_hall_quartered_circle, layout_geoelf_grid
Vaults:1: st_quartered_hall, nicolae_vaults_stairing_the_circle,
          vaults_mumra_hex, hangedman_vaults_maws, vaults_dpeg_doors,
          vaults_room_grunt_arrival_ludios, layout_vaults_big_room
Vaults:2: vaults_dpeg_diagonal, vaults_dpeg_ring, v_misc_3, vaults_mumra_lcd,
          ontoclasm_vaults_loading_screen, nicolae_vaults_what_the_h,
          dpeg_vaults_monster_box, vaults_mumra_minichess,
          vaults_dpeg_encased_lava, layout_vaults_omnigrid,
          minmay_crypt_entry_nasty_monster, serial_shops,
          nicolae_shop_waterfront, uniq_bai_suzhen
Vaults:3: st_greater_box_3, v_pattern_1, hangedman_vaults_hat,
          ontoclasm_vaults_tryst, ontoclasm_vaults_gateway, v_misc_22,
          vaults_room_corners, nicolae_vaults_network_periphery,
          layout_vaults_omnibox
Vaults:4: v_rooms_5, nicolae_vaults_circle_grid_a, v_misc_25,
          hangedman_vaults_maws, v_misc_23, nicolae_vaults_shelves_hall,
          vaults_room_octagon, grunt_vaults_hallway_long, vaults_room_fours,
          v_misc_10, nicolae_vaults_shelves_hall, vaults_room_pool, v_misc_25,
          v_misc_10, nicolae_vaults_shelves_hall, layout_vaults_omnicross
Depths:1: layout_cave_pools, abyss_entry, minmay_misc_feat_columns,
          grunt_hell_entry_dis_old, roderic_lattice_a,
          nicolae_ashenzari_panopticon, firewood_loft, uniq_saint_roka

Skill      XL: |  1  2  3  4  5  6  7  8  9 10 11 12 13 14 15 16 17 18 19 20 21 22 23 |
---------------+----------------------------------------------------------------------+-----
Shields        | 4 5 6 7 9 10 11 12 13 14 15 16 17 18 19 20 | 20.1
Maces & Flails | 3 4 5 6 7 9 10 11 12 13 14 15 16 | 16.0
Fighting       | 4 5 6 7 8 9 10 11 12 13 14 15 16 17 | 17.7
Armour         | 4 5 6 7 8 9 10 11 12 13 14 15 16 17 | 17.7
Invocations    | 2 3 5 6 7 8 9 10 11 12 13 14 | 14.8
Transmutations | 1 3 4 5 6 7 8 9 |  9.0
Evocations     | 3 4 5 6 7 8 9 |  9.0
Dodging        | 1 3 4 5 6 7 8 9 |  9.2
Translocations | 2 4 5 |  5.8
Spellcasting   | 3 4 6 |  6.5
Air Magic      | 2 |  2.2

Action                   |  1- 3 |  4- 6 |  7- 9 | 10-12 | 13-15 | 16-18 | 19-21 | 22-24 || total
-------------------------+-------+-------+-------+-------+-------+-------+-------+-------++-------
Melee: Flail             |   121 |   184 |       |       |       |       |       |       ||   305
       Eveningstar       |       |    19 |   231 |   619 |  1360 |  2030 |  2163 |   994 ||  7416
       War axe           |       |       |       |   110 |       |       |       |       ||   110
       Whip              |       |       |       |       |   262 |       |       |       ||   262
       Kick              |       |       |       |       |     6 |    24 |    17 |       ||    47
       Headbutt          |       |       |       |       |     6 |    18 |     8 |       ||    32
 Cast: Wereblood         |       |       |       |       |     5 |    11 |    10 |     3 ||    29
       Beastly Appendage |       |       |       |       |     1 |     1 |     1 |       ||     3
Invok: Lesser Healing    |       |       |       |     1 |       |       |       |       ||     1
       Greater Healing   |       |       |       |       |     9 |     7 |     2 |     1 ||    19
       Divine Vigour     |       |       |       |       |     1 |     2 |     3 |       ||     6
       Divine Protection |       |       |       |       |     1 |       |       |       ||     1
       Purification      |       |       |       |       |     1 |       |       |       ||     1
 Abil: Evoke Blink       |       |       |       |       |     2 |     2 |       |       ||     4
       Fly               |       |       |       |       |     1 |       |       |       ||     1
Evoke: Wand              |       |     6 |     1 |     6 |    12 |     4 |       |       ||    29
  Use: Scroll            |       |    11 |     8 |     9 |     5 |    11 |     3 |     3 ||    50
 Stab: Sleeping          |       |       |       |     4 |     1 |       |       |       ||     5
       Distracted        |       |       |       |     1 |       |       |       |       ||     1
       Confused          |       |       |       |       |       |     3 |       |       ||     3
Armor: Scale mail        |    78 |   111 |     2 |       |       |       |       |       ||   191
       Plate armour      |       |       |   100 |    80 |       |  1100 |   752 |   257 ||  2289
       Ring mail         |       |       |       |   155 |   305 |       |       |       ||   460
       Acid dragon scale |       |       |       |       |   254 |     2 |       |       ||   256
Dodge: Dodged            |    46 |    62 |    37 |   156 |   375 |   456 |   416 |   229 ||  1777
Block: Kite shield       |    78 |   126 |   106 |   404 |   905 |   504 |       |       ||  2123
       Tower shield      |       |       |       |       |       |  1173 |  1984 |   732 ||  3889
